 Dungeon Crawl Stone Soup version 0.31.0-11-ge490571c62 (webtiles) character file.

Game seed: 16474827362017758389

2413 Flugkiller the Frost Mage (level 9, 0/52 (60) HPs)
             Began as a Vine Stalker Ice Elementalist on Feb 3, 2024.
             Was an Initiate of Wu Jian.
             Slain by a wight
             ... wielding a +2 hand axe of freezing
              (6 damage)
             ... on level 8 of the Dungeon.
             The game lasted 00:11:25 (2762 turns).

Flugkiller the Frost Mage (VSIE)                    Turns: 2762, Time: 00:11:26

HP:   0/52 (60)     AC: 24    Str: 11    XL:     9   Next: 47%
MP:   0/23          EV:  2    Int: 19    God:    Wu Jian [......]
Gold: 549           SH:  0    Dex: 15    Spells: 16/26 levels left

rFire   . . .        I - +0 short sword (spect)
rCold   . . .        (no shield)
rNeg    . . .        a - melded +1 robe
rPois   +            (helmet currently unavailable)
rElec   .            (cloak currently unavailable)
rCorr   .            o - melded +2 pair of gloves
SInv    .            (boots currently unavailable)
Will    +....        (no amulet)
Stlth   ++           (no ring)
HPRegen 1.08/turn    (no ring)
MPRegen 0.18/turn

%: guardian spirit
@: tree-form, heavily drained
A: stationary, stasis, torment immunity, boosted hp, (fangs 3), regeneration 1,
magic shield, (antimagic bite), no potion heal 2
a: Renounce Religion


You were on level 8 of the Dungeon.
You worshipped Wu Jian.
Wu Jian was noncommittal.
You were a tree.
You visited 2 branches of the dungeon, and saw 9 of its levels.
You also visited: Ossuary.

You collected 549 gold pieces.

Inventory:

Hand Weapons
 b - a +0 dagger of speed
   (You took it off a goblin on level 4 of the Dungeon)
 f - a +1 vampiric dagger
   (You took it off a kobold on level 1 of the Dungeon)
 i - a +1 dagger of venom
   (You found it on level 1 of the Dungeon)
 y - a +2 heavy hand axe
   (You found it on level 3 of the Dungeon)
 B - a +4 flail
   (You took it off an orc on level 5 of the Dungeon)
 C - a +0 rapier
   (You took it off Eustachio on level 5 of the Dungeon)
 E - a +1 heavy dire flail
   (You took it off Edmund on level 6 of the Dungeon)
 H - the +4 war axe of Gadadir {pain, *Corrode rElec rC+}
   (You found it on level 7 of the Dungeon)

   rC+:       It protects you from cold.
   rElec:     It insulates you from electricity.
   *Corrode:  It may corrode you when you take damage.
 I - a +0 spectral short sword (weapon)
   (You found it on level 7 of the Dungeon)
Missiles
 g - a throwing net (quivered)
Armour
 a - a +1 robe (melded)
 m - a +0 kite shield
   (You found it on level 4 of the Dungeon)
 o - a +2 pair of gloves (melded)
   (You found it on level 4 of the Dungeon)
Talismans
 n - a granite talisman
   (You found it on level 4 of the Dungeon)
Scrolls
 c - a scroll of enchant armour
 l - a scroll of silence {unknown}
 p - a scroll of vulnerability {unknown}
 r - 3 scrolls of identify
 s - 5 scrolls of teleportation {unknown}
 t - a scroll of fog {unknown}
 v - 2 scrolls of poison {unknown}
 F - a scroll of immolation {unknown}
 G - a scroll of torment {unknown}
 J - a scroll of enchant weapon {unknown}
Potions
 d - 2 potions of might
 e - 4 potions of ambrosia
 h - 2 potions of degeneration {unknown}
 k - a potion of haste {unknown}
 q - 7 potions of curing {unknown}
 u - a potion of invisibility {unknown}
 w - 2 potions of heal wounds
 x - a potion of magic
 z - a potion of brilliance {unknown}
 A - 2 potions of berserk rage {unknown}
 D - a potion of attraction {unknown}


   Skills:
 + Level 0.9 Fighting
 - Level 1.5 Dodging
 - Level 2.4 Stealth
 - Level 9.0 Spellcasting
 - Level 9.6 Ice Magic
 + Level 0.9 Shapeshifting


You had 16 spell levels left.
You knew the following spells:

 Your Spells              Type           Power      Damage    Failure   Level
a - Freeze                Ice            100%       1d10      1%          1
b - Frozen Ramparts       Ice            90%        1d14      1%          3
c - Ozocubu's Armour      Ice            45%        N/A       1%          3
d - Summon Ice Beast      Ice/Summ       26%        N/A       3%          3

Your spell library contained the following spells:

 Spells                   Type           Power      Damage    Failure   Level
 Hailstorm                Conj/Ice       26%        3d7       3%          3
 Apportation              Tloc           16%        N/A       9%          1
 Necrotise                Necr           32%        1d5       9%          1
 Slow                     Hex            32%        N/A       9%          1
 Jinxbite                 Hex            16%        N/A       12%         2
 Confusing Touch          Hex            8%         N/A       24%         3
 Fugue of the Fallen      Necr           8%         N/A       24%         3
 Sigil of Binding         Hex            8%         N/A       24%         3
 Vampiric Draining        Necr           8%         2d6       24%         3
 Manifold Assault         Tloc           8%         N/A       63%         4
 Martyr's Knell           Necr/Summ      8%         N/A       63%         4
 Alistair's Intoxication  Alch           5%         N/A       92%         5
 Curse of Agony           Necr           8%         N/A       92%         5


Dungeon Overview and Level Annotations

Branches:
Dungeon (8/15) Zot: 26903  Temple (1/1) D:6 Zot: 5942 Ossuary (visited)
   Lair: D:8-11

Altars:
Ashenzari
Cheibriados
Dithmenos
Elyvilon
Fedhas
Gozag
Hepliaklqana
Kikubaaqudgha
Makhleb
Nemelex Xobeh
Okawaru
Qazlal
Ru
Trog
Uskayaw
Vehumet
Wu Jian
Xom
Zin
The Shining One


Innate Abilities, Weirdness & Mutations

You are a tree.
Your roots penetrate the ground, keeping you stationary.
You cannot be teleported.
You are immune to unholy pain and torment.
Your maximum health is greatly increased.
Your equipment is partially melded.
((You have razor-sharp teeth.))
Your natural rate of healing is unusually fast.
When hurt, damage is shared between your health and your magic reserves.
((Your bite disrupts and absorbs the magic of your enemies.))
Potions cannot restore your health.


Message History

Your ice beast hits the wight but does no damage.
The wight hits your ice beast with a +2 hand axe of freezing.
The wight drains your ice beast.
Your ice beast dies!
Your ice beast disappears in a puff of smoke!
Okay, then.
Okay, then.
Casting: Summon Ice Beast (dangerous; 3% risk of failure)
Confirm with . or Enter, or press ? or * to list all spells.
A chill wind blows around you.
You swap places.
Your ice beast closely misses the wight.
The wight hits your ice beast with a +0 trident!
Your ice beast hits the wight but does no damage.
The wight hits your ice beast with a +0 trident.
The wight drains your ice beast.
Your ice beast hits the wight.
Your ice beast freezes the wight.
The wight completely resists.
The wight barely misses your ice beast.
Your ice beast hits the wight but does no damage.
The wight closely misses your ice beast.
Your ice beast closely misses the wight.
The wight hits your ice beast with a +0 trident.
Your ice beast closely misses the wight.
The wight hits your ice beast with a +0 trident!
Your ice beast hits the wight.
Your ice beast freezes the wight.
The wight resists.
The wight hits your ice beast with a +0 trident.
Your ice beast dies!
Your ice beast disappears in a puff of smoke!
Casting: Summon Ice Beast (dangerous; 3% risk of failure)
Confirm with . or Enter, or press ? or * to list all spells.
You don't have enough magic to cast this spell.
An orc warrior comes into view. It is wielding a +0 battleaxe.
The wight barely misses you.
You hit the wight but do no damage. You punch the wight, but do no damage.
You bite the wight, but do no damage.
The wight is almost destroyed.
Your +0 spectral short sword hits the wight.
The wight closely misses you.
You closely miss the wight. You bite the wight, but do no damage.
The wight is almost destroyed.
Your +0 spectral short sword hits the wight but does no damage.
The wight barely misses you.
You barely miss the wight. Your bite misses the wight.
The wight is almost destroyed.
Your +0 spectral short sword hits the wight.
You destroy the wight!
The Council accepts your kill.
The wight closely misses your +0 spectral short sword.
You swap places.
Your +0 spectral short sword disappears.
The wight hits you with a +2 hand axe of freezing!
The wight freezes you.
Things that are here:
a +0 trident; a +0 robe You hit the wight but do no damage.
You bite the wight, but do no damage.
The wight is moderately damaged.
Your +0 spectral short sword barely misses the wight.
The wight hits you with a +2 hand axe of freezing.
The wight freezes you.
The wight hits your +0 spectral short sword with a +2 hand axe of freezing.
Your spectral weapon shares its damage with you!
The wight freezes your +0 spectral short sword.
You are too injured to fight recklessly!
You are too injured to fight recklessly!
You hit the wight but do no damage. Your bite misses the wight.
The wight is moderately damaged.
Your +0 spectral short sword hits the wight but does no damage.
The wight hits you with a +2 hand axe of freezing!
You feel drained. The wight freezes you.
The wight hits your +0 spectral short sword with a +2 hand axe of freezing.
Your spectral weapon shares its damage with you!
The wight freezes your +0 spectral short sword.
Your spectral weapon shares its damage with you!
* * * LOW HITPOINT WARNING * * *
You completely miss the wight. You bite the wight. You drain its power.
You feel invigorated.
The wight is moderately damaged.
Your +0 spectral short sword hits the wight.
The wight barely misses you.
The wight hits your +0 spectral short sword with a +2 hand axe of freezing.
You hit the wight.
The wight is heavily damaged.
Your +0 spectral short sword closely misses the wight.
The wight closely misses you.
The wight misses your +0 spectral short sword.
You hit the wight but do no damage.
The wight is heavily damaged.
Your +0 spectral short sword barely misses the wight.
The wight hits you with a +2 hand axe of freezing!
* * * LOW HITPOINT WARNING * * *
The wight freezes you.
* * * LOW HITPOINT WARNING * * *
The wight misses your +0 spectral short sword.
You turn into a tree.
Your +2 pair of gloves melds into your body.
Your +1 robe melds into your body.
Your roots penetrate the ground.
Your +0 spectral short sword disappears.
The wight hits you with a +2 hand axe of freezing!
You die...

#.....# ~8.8~≈
##z....# ≈.o.≈
##.#.##.# #8.8#
#z.#..#.# #...#
#..##.# # #8.8
#..##.#.#
#..####.......#
#.##z.......###
#.##♣########
#....# ######


You could see a wight.

Vanquished Creatures
  Grinder (D:5)
  Eustachio (D:5)
  Menkaure (D:4)
  3 water moccasins
  A sky beast (D:7)
  An orc warrior (D:6)
  2 centaurs (D:6)
  2 wights (D:8)
  3 howler monkeys (D:7)
  2 jellies
  2 hounds
  A sleepcap (D:6)
  An orc wizard (D:6)
  4 mummies (Ossuary)
  5 gnolls (D:7)
  4 adders
  2 ufetubi (D:6)
  13 orcs
  3 bats
  6 endoplasms
  A gnoll zombie (Ossuary)
  3 goblins
  A hobgoblin (D:3)
  3 kobolds
  2 quokkas (D:1)
  A ball python (D:2)
  A frilled lizard (D:1)
  3 hobgoblin zombies (Ossuary)
  A kobold zombie (Ossuary)
  2 orc zombies (Ossuary)
76 creatures vanquished.

Vanquished Creatures (collateral kills)
  Edmund (D:6)
  A black bear (D:4)
  An ogre (D:5)
  A scorpion (D:5)
  3 bombardier beetles
  A jelly (D:5)
  2 gnoll boudas
  2 orc wizards
  5 mummies
  3 gnolls (D:5)
  An adder (D:5)
  A white imp (D:5)
  2 orcs (D:5)
  A hobgoblin zombie (Ossuary)
25 creatures vanquished.

Grand Total: 101 creatures vanquished

Notes
Turn   | Place    | Note
-------+----------+-------------------------------------------
     0 | D:1      | Flugkiller the Vine Stalker Ice Elementalist began the
                  | quest for the Orb.
     0 | D:1      | Reached XP level 1. HP: 9/9 MP: 4/4
   140 | D:2      | Reached XP level 2. HP: 13/13 MP: 4/6
   263 | D:3      | Found a glowing silver altar of Zin.
   438 | D:2      | Reached XP level 3. HP: 16/16 MP: 0/8
   467 | D:4      | Reached XP level 4. HP: 11/21 MP: 6/10
   475 | D:4      | Learned a level 3 spell: Frozen Ramparts
   511 | D:4      | Found a sparkling altar of Nemelex Xobeh.
   664 | D:5      | Entered Level 5 of the Dungeon
   716 | D:4      | Found a shadowy altar of Dithmenos.
   728 | D:4      | Noticed Menkaure
   750 | D:4      | Killed Menkaure
   751 | D:4      | Reached skill level 5 in Ice Magic
   751 | D:4      | Reached XP level 5. HP: 24/24 MP: 5/12
   788 | D:4      | Noticed a black bear
   794 | D:4      | Learned a level 3 spell: Ozocubu's Armour
   798 | D:4      | Learned a level 3 spell: Summon Ice Beast
   805 | D:4      | Killed a black bear
   806 | D:4      | Reached XP level 6. HP: 28/28 MP: 9/14
   887 | D:4      | Found a sand-covered staircase.
   901 | Ossuary  | Entered an ossuary
   931 | Ossuary  | Reached skill level 5 in Spellcasting
  1222 | D:5      | Reached XP level 7. HP: 32/32 MP: 11/16
  1324 | D:5      | Noticed Grinder
  1353 | D:5      | Paralysed by Grinder for 3 turns
  1363 | D:5      | Killed Grinder
  1364 | D:5      | Gained mutation: You have razor-sharp teeth. [Vine Stalker
                  | growth]
  1364 | D:5      | Reached XP level 8. HP: 30/36 MP: 13/19
  1422 | D:5      | Noticed Eustachio
  1457 | D:5      | Killed Eustachio
  1750 | D:6      | Noticed Edmund
  1771 | D:6      | Killed Edmund
  1820 | D:6      | Reached XP level 9. HP: 25/39 MP: 2/22
  1957 | D:7      | Identified the +4 war axe of Gadadir {pain, *Corrode rElec
                  | rC+}
  2165 | D:7      | Found an iron altar of Okawaru.
  2220 | D:7      | Found a blossoming altar of Fedhas.
  2230 | D:7      | Found a shimmering altar of Xom.
  2347 | D:7      | Found a radiant altar of Vehumet.
  2406 | D:6      | Found a staircase to the Ecumenical Temple.
  2417 | Temple   | Entered the Ecumenical Temple
  2484 | D:6      | Found a sacrificial altar of Ru.
  2607 | Temple   | Became a worshipper of the Wu Jian Council
  2762 | D:8      | Slain by a wight

Illustrated notes

Levels and vault maps discovered:
D:1:      shiori_arrival_oz, layout_basic
D:2:      layout_basic, kennysheep_decorative_pillar, minmay_misc_feat_rows
D:3:      layout_loops_corners, lemuel_doored_altar, uniq_jessica, uniq_robin,
          uniq_ijyb
D:4:      layout_gridville, nicolae_overflow_crystal_walls,
          mainiacjoe_overflow_brackets, gup_ossuary_entry_pyramid, uniq_menkaure
D:5:      layout_rooms, uniq_grinder, uniq_eustachio
D:6:      nicolae_cairo_tiling_large, layout_basic, amcnicky_altar_gilded,
          minmay_temple_entry_nine_rooms, uniq_sigmund, uniq_edmund
D:7:      layout_cave_pods, lemuel_tele_altar,
          hellmonk_okawaru_the_only_friend_you_need, lemuel_crystal_altar,
          general_overflow_altar
D:8:      layout_loops_cross, kennysheep_orc_sif_temple, minmay_crystal_room,
          uniq_pikel, uniq_amaemon
Temple:   hc_temple_tempest_star

Skill      XL: |  1  2  3  4  5  6  7  8  9 |
---------------+----------------------------+-----
Spellcasting   | 3 4 5 6 8 9 |  9.0
Ice Magic      | 5 6 7 9 |  9.6
Fighting       | |  0.9
Dodging        | |  1.5
Stealth        | |  2.4
Shapeshifting  | |  0.9

Action                     |  1- 3 |  4- 6 |  7- 9 || total
---------------------------+-------+-------+-------++-------
  Melee: Dagger            |    24 |    31 |    43 ||    98
         Bite              |    10 |     9 |    30 ||    49
         Unarmed           |       |    39 |       ||    39
         Punch             |       |     2 |     6 ||     8
         Flail             |       |       |    15 ||    15
         Dire flail        |       |       |    11 ||    11
         Short sword       |       |       |    31 ||    31
  Throw: Throwing net      |       |       |     1 ||     1
   Cast: Freeze            |    10 |     8 |     6 ||    24
         Summon Ice Beast  |       |     6 |    17 ||    23
         Frozen Ramparts   |       |     1 |    13 ||    14
         Ozocubu's Armour  |       |     1 |     4 ||     5
    Use: Potion            |     1 |     2 |     3 ||     6
         Scroll            |       |     1 |     3 ||     4
   Stab: Sleeping          |     1 |     2 |     1 ||     4
         Distracted        |       |       |     1 ||     1
 Armour: Robe              |    41 |    14 |   101 ||   156
         Skin              |       |    58 |     8 ||    66
  Dodge: Dodged            |    36 |    18 |    71 ||   125
